AoeStats
← LM | TornardoBriese

Nomad

505526791Analyzed
4v4 RM · 22d ago on Sep 9, 2026· 27m 26s· 8 players
Game mode
Random Map
Map size
231×231
Population
200
Speed
Normal
Resources
Standard
Victory
Conquest
Starting age
Dark Age
Ending age
Imperial Age
RankedLock teamsTeams togetherTeam positionsShared explorationLock speedFull tech treeHidden civsTurbo modeCheats
Victory
Defeat
🇩🇪 Georgians · Germany
1776
+9
🇩🇪 Chinese · Germany
1712
+11
🇩🇪 Portuguese · Germany
1708
+12
🇨🇭 Huns · Switzerland
1489
+21
🇧🇷 Hindustanis · Brazil
1709
-17
🇩🇪 Turks · Germany
1683
-16
🇹🇷 Mongols · Türkiye
1522
-10
🇦🇷 Ethiopians · Argentina
1512
-10
Dino_Mate
6:03 Loom
13:12 Feudal Age
17:10 Castle Age
16:27 Double-Bit Axe
16:57 Fishing Lines
18:04 Bow Saw
21:50 Scale Mail Armor
23:39 Chain Mail Armor
ValerioN__
4:58 Loom
13:19 Feudal Age
14:03 Fishing Lines
17:41 Castle Age
18:20 Fletching
18:34 Double-Bit Axe
18:32 Horse Collar
18:45 Gillnets
19:43 Bodkin Arrow
20:46 Padded Archer Armor
24:34 Husbandry
24:45 Bloodlines
27:13 Ballistics
Willox
3:45 Loom
13:48 Feudal Age
18:46 Fletching
19:10 Double-Bit Axe
26:20 Wheelbarrow
26:01 Town Watch
dse
5:47 Loom
13:45 Feudal Age
14:33 Double-Bit Axe
18:00 Castle Age
19:21 Bow Saw
21:30 Horse Collar
21:32 Fishing Lines
21:49 Gold Mining
Brudiiii
5:20 Loom
13:10 Feudal Age
15:49 Wheelbarrow
18:39 Town Watch
19:02 Fishing Lines
24:25 Castle Age
24:32 Fletching
24:42 Padded Archer Armor
25:01 Bodkin Arrow
24:38 Elite Skirmisher
25:43 Double-Bit Axe
26:29 Bow Saw
LM | TornardoBriese
7:33 Loom
13:51 Feudal Age
17:46 Castle Age
16:59 Scale Barding Armor
18:52 Chain Barding Armor
18:43 Double-Bit Axe
26:35 Husbandry
LM \ Molle
2:58 Loom
16:13 Feudal Age
16:51 Double-Bit Axe
16:52 Town Watch
17:14 Fishing Lines
19:43 Castle Age
17:38 Horse Collar
17:49 Gold Mining
17:53 Stone Mining
18:34 Fletching
20:21 Bodkin Arrow
20:40 Bow Saw
20:56 Gillnets
22:12 Wheelbarrow
22:56 Padded Archer Armor
26:17 Medium Warships
LM | MaggieWuerze
5:01 Loom
14:21 Feudal Age
14:54 Double-Bit Axe
15:08 Town Watch
18:55 Castle Age
17:12 Fishing Lines
18:24 Scale Barding Armor
19:47 Bow Saw
22:09 Gillnets
23:31 Forging
23:33 Horse Collar
24:30 Light Cavalry
25:22 Bloodlines
27:22 Husbandry
Connection lost

Rejoining the realm…

Still unreachable

The connection could not be restored.

Session expired

The server has moved on; the page needs a fresh start.